 Dungeon Crawl Stone Soup version 0.30-a0-591-g3c58d2bc28 (webtiles) character file.

Game seed: 17963098833984090439

447 bande the Chopper (level 7, -5/44 HPs)
             Began as a Gargoyle Fighter on Jan 5, 2023.
             Slain by an ogre
             ... wielding a +0 giant spiked club
              (9 damage)
             ... on level 4 of the Dungeon.
             The game lasted 00:04:44 (3309 turns).

bande the Chopper (Gargoyle Fighter)                Turns: 3309, Time: 00:04:45

Health: -5/44      AC: 18    Str: 19    XL:     7   Next: 3%
Magic:  0/7        EV:  5    Int:  9    God:
Gold:   108        SH:  4    Dex: 11    Spells: 6/6 levels left

rFire   . . .      SeeInvis .    a - +0 war axe
rCold   . . .      Faith    .    c - +0 buckler
rNeg    + . .      Spirit   +    t - +0 plate armour
rPois   ∞          Reflect  .    (no helmet)
rElec   +          Harm     .    (no cloak)
rCorr   .          Rampage  .    n - +0 pair of gloves
Will    .....                    (no boots) Stlth
                                 v - amulet of guardian spirit
HPRegen 0.27/turn                (no ring)
MPRegen 0.10/turn                (no ring)

@: no status effects
A: sickness immunity, AC +4, negative energy resistance 1, electricity
resistance, torment resistance 1, petrification resistance
a: no special abilities


You were on level 4 of the Dungeon.
You visited 1 branch of the dungeon, and saw 5 of its levels.

You collected 108 gold pieces.

Inventory:

Hand Weapons
 a - a +0 war axe (weapon)
 e - a +0 flail
Missiles
 i - a throwing net (quivered)
Armour
 c - a +0 buckler (worn)
 n - a +0 pair of gloves (worn)
 t - a +0 plate armour (worn)
Jewellery
 g - a ring of magical power
 u - a ring of fire
 v - an amulet of guardian spirit (around neck)
Wands
 q - a wand of polymorph (4)
Scrolls
 h - 2 scrolls of fear
 j - 3 scrolls of teleportation
 k - a scroll of fog
 p - 3 scrolls of amnesia
 s - a scroll of identify
Potions
 b - a potion of curing {unknown}
 d - 3 potions of might
 f - 2 potions of heal wounds
 l - a potion of berserk rage {unknown}
 m - 2 potions of flight {unknown}
 o - a potion of resistance {unknown}
 r - a potion of lignification {unknown}


   Skills:
 + Level 4.4 Fighting
 + Level 5.0 Axes
 + Level 4.6 Armour
 - Level 0.1 Stealth
 + Level 4.2 Shields


You had 6 spell levels left.
You didn't know any spells.
Your spell library contained the following spells:

 Spells                   Type           Power      Damage    Failure   Level
 Animate Dead             Necr           0%         N/A       100%        4
 Borgnjor's Vile Clutch   Necr/Erth      0%         N/A       100%        5
 Death Channel            Necr           0%         N/A       100%        6


Dungeon Overview and Level Annotations

Branches:
Dungeon (5/15)
 Temple: D:4-7

Altars:
Hepliaklqana
Vehumet

Annotations:
D:5 Sigmund


Innate Abilities, Weirdness & Mutations

You are immune to sickness and miasma.
Your stone body is resilient. (AC +4)
You are immune to poison.
You resist negative energy. (rN+)
You are resistant to electric shocks. (rElec)
You are resistant to unholy torment.
You are immune to petrification.


Message History

You hit the quokka but do no damage.
The quokka is lightly wounded.
The quokka bites you but does no damage.
You closely miss the quokka.
The quokka is lightly wounded.
The quokka bites you but does no damage. x2
You slash the quokka!
You kill the quokka!
No target in view!
No target in view!
No target in view!
No target in view!
No target in view!
You climb downwards.
Level annotation: Sigmund The orc shouts!
You block the ogre's attack.
There is a stone staircase leading up here.
Unknown command.
The orc priest shouts!
The ogre hits you with a +0 giant spiked club!
You climb upwards.
There is a stone staircase leading down here.
Unknown command.
You slash the ogre!
The ogre is heavily wounded.
You hit the ogre.
The ogre is heavily wounded.
You block the ogre's attack.
You barely miss the ogre.
The ogre is heavily wounded.
The ogre hits you with a +0 giant spiked club!
You hit the ogre.
The ogre is severely wounded.
The ogre hits you with a +0 giant spiked club!!
* * * LOW HITPOINT WARNING * * *
You hit the ogre.
The ogre is almost dead.
The ogre hits you with a +0 giant spiked club!
You die...

###<#.#........##....#
#.....#....###..#....#
#####.#.##..........######
#...............##..#.#
#####.####.###..##..#.#
#.####.###..##..#.#
#.#...............#
#.#.#..###..##..#.#
#.#.#@O....[##....#
#.#.#†####...#..#.#
#.#..........#..#####
#.###.######........##
#.....# ###.####...
#####.###### #.# ###.
#.##..[# #.# #. #.##...#
#.# #. #.##...###.# #.


You could see an ogre.

Vanquished Creatures
  A phantom (D:4)
  A necrophage (D:4)
  A scorpion (D:4)
  2 hounds (D:4)
  2 jellies
  6 adders
  4 dart slugs
  3 orcs (D:4)
  5 bats
  6 endoplasms
  5 giant cockroaches
  6 goblins
  7 hobgoblins
  7 jackals
  4 kobolds
  2 quokkas
  8 ball pythons
  A frilled lizard (D:3)
  4 rats
75 creatures vanquished.

Vanquished Creatures (others)
  A dart slug (D:4)
1 creature vanquished.

Grand Total: 76 creatures vanquished

Notes
Turn   | Place    | Note
-------+----------+-------------------------------------------
     0 | D:1      | bande the Gargoyle Fighter began the quest for the Orb.
     0 | D:1      | Reached XP level 1. HP: 14/14 MP: 1/1
   133 | D:1      | Reached XP level 2. HP: 19/19 MP: 2/2
   278 | D:1      | Reached skill level 2 in Axes
   301 | D:1      | Found a faded altar of an unknown god.
   856 | D:2      | Reached XP level 3. HP: 24/24 MP: 3/3
  1917 | D:3      | Reached skill level 3 in Axes
  1917 | D:3      | Reached XP level 4. HP: 28/29 MP: 4/4
  2397 | D:4      | Reached XP level 5. HP: 33/33 MP: 5/5
  2513 | D:4      | Reached skill level 4 in Axes
  2513 | D:4      | Reached XP level 6. HP: 33/38 MP: 6/6
  2656 | D:4      | Found a radiant altar of Vehumet.
  2757 | D:4      | Found a hazy altar of Hepliaklqana.
  2904 | D:4      | Reached skill level 5 in Axes
  2904 | D:4      | Reached XP level 7. HP: 41/44 MP: 7/7
  3290 | D:5      | Entered Level 5 of the Dungeon
  3290 | D:5      | Noticed Sigmund
  3309 | D:4      | Slain by an ogre

Illustrated notes

Levels and vault maps discovered:
D:1:      dpeg_arrival_windows_large_door, layout_loops_ring,
          dreamdust_ecumenical_altar_statues, reono_crystal_passage
D:2:      layout_loops_ring, supply_closet_lemuel, roderic_three_in_a_row
D:3:      layout_loops_ring
D:4:      layout_basic, fiery_altar_vehumet, nicolae_overflow_crystal_walls
D:5:      layout_basic, minmay_temple_entry_statues_pillars, item_on_display_a,
          uniq_sigmund, uniq_blork_the_orc

Skill      XL: |  1  2  3  4  5  6 |
---------------+-------------------+-----
Axes           | 2 3 4 5 |  5.0
Armour         | 4 |  4.6
Fighting       | 4 |  4.4
Shields        | 4 |  4.2
Stealth        | |  0.1

Action                   |  1- 3 |  4- 6 |  7- 9 || total
-------------------------+-------+-------+-------++-------
Melee: War axe           |   113 |   135 |    13 ||   261
  Use: Scroll            |     1 |     9 |       ||    10
Armor: Scale mail        |    39 |       |       ||    39
       Chain mail        |    38 |       |       ||    38
       Plate armour      |     2 |   114 |     9 ||   125
Dodge: Dodged            |    54 |    33 |     2 ||    89
Block: Buckler           |    26 |    22 |     3 ||    51

Table legend: (Time is in decaauts)
 A = Elapsed time spent in this place.
 B = Non-inter-level travel time spent in this place.
 C = Inter-level travel time spent in this place.
 D = Time resting spent in this place.
 E = Time spent auto-exploring this place.
 F = Levels seen in this place.
 G = Mean time per level.
                   A        B        C        D        E       F      G
               +--------+--------+--------+--------+--------+-----+--------+
         Total |   3405 |   3325 |     80 |     87 |   2452 |   5 |  681.0 |
       Dungeon |   3405 |   3325 |     80 |     87 |   2452 |   5 |  681.0 |
               +--------+--------+--------+--------+--------+-----+--------+

Top non-repeatable levels by time:
     D:4: 974 daAuts
     D:2: 930 daAuts
     D:3: 789 daAuts
     D:1: 706 daAuts
     D:5: 4 daAuts
